Map: Last Remnant

Players

Topengan

  • Race: Terran Terran
  • Spawn Location: 6:00

Verzila

  • Race: Terran Terran
  • Spawn Location: 7:00

Rudz

  • Race: Protoss Protoss
  • Spawn Location: 9:00

BumbleBee

  • Race: Terran Terran
  • Spawn Location: 6:00

HurrianKing

  • Race: Terran Terran
  • League: Gold
  • Spawn Location: 12:00

плутарх

  • Race: Protoss Protoss
  • Spawn Location: 3:00

MooEsqoo

  • Race: Protoss Protoss
  • Spawn Location: 1:00

FACETTE

  • Race: Protoss Protoss
  • Spawn Location: 12:00

VOD

Have the link to the VOD?

Description

Time

  • Played on: Nov. 22, 2019, 10:09 p.m.
  • Length: 11:19
Show
View Real Time Build Order
Export as new Build Order

Topengan Terran 

Build Orders: Command Center First (CC) 

Get SALT Encoding   

  12  0:07  SCV  
  13  0:19  SCV  
  14  0:33  Supply Depot  
  14  0:35  SCV  
  15  0:58  Command Center  
  15  1:22  SCV  
  16  1:31  Barracks  
  16  1:36  Barracks  
  16  1:43  Barracks  
  16  1:45  SCV  
  17  1:57  SCV  
  18  2:09  SCV  
  19  2:19  Refinery  
  19  2:21  SCV  
  20  2:26  SCV  
  21  2:32  Marine x3  
  24  2:41  SCV  
  25  2:46  Refinery  
  25  2:51  Marine x3  
  26  2:53  SCV  
  26  2:55  SCV  
  30  3:06  SCV  
  30  3:07  SCV  
  30  3:12  Barracks Tech Lab  
  32  3:15  Barracks Reactor  
  32  3:17  Marine  
  33  3:21  Barracks  
  33  3:23  Barracks  
  33  3:27  Barracks  
  33  3:33  Orbital Command  
  33  3:40  Supply Depot  
  33  3:45  SCV  
  34  3:52  Engineering Bay  
  34  3:57  SCV  
  34  4:00  Combat Shield  
  34  4:02  Barracks Reactor  
  35  4:04  Marine x3  
  38  4:11  Barracks Reactor  
  38  4:13  Barracks Reactor  
  38  4:23  Barracks Reactor  
  38  4:39  Supply Depot  
  38  4:40  Missile Turret  
  35  4:58  Missile Turret  
  35  5:01  SCV  
  35  5:06  Marine  
  35  5:07  Marine x6  
  37  5:08  Marine x4  
  37  5:13  SCV  
  48  5:18  Stimpack  
  48  5:19  Terran Infantry Weapons Level 1  
  48  5:24  Marine  
  48  5:25  SCV  
  48  5:27  Missile Turret  
  50  5:34  Supply Depot  
  50  5:41  Orbital Command  
  50  5:47  Marine x4  
  54  5:55  Marine x2  
  56  5:57  Marine  
  56  5:58  Supply Depot, Marine x4  
  61  6:04  Marine  
  62  6:19  Marine  
  62  6:21  Supply Depot  
  63  6:26  Marine  
  63  6:27  Marine x6  
  63  6:30  Marine  
  70  6:39  Marine x3  
  73  6:43  Supply Depot  
  73  6:44  Marine x2  
  73  6:45  Marine  
  72  6:49  Marine x5  
  76  6:56  Marine  
  77  7:46  Marine x5  
  77  7:47  Marine x6  
  88  7:59  Supply Depot  
  88  8:04  Marine x6  
  88  8:05  Marine x5  
  90  8:21  Marine x2  
  90  8:22  Supply Depot, Marine x4  
  90  8:23  Marine x4  
  79  8:42  Marine  
  79  8:43  Marine x6  
  79  8:44  Marine x4  
  86  8:49  Terran Infantry Armor Level 1  
  86  8:52  Supply Depot  
  86  9:00  Marine x2  
  86  9:01  Marine x3  
  88  9:10  Marine x3  
  88  9:11  Marine x3  
  88  9:14  Supply Depot  
  94  9:18  Marine x3  
  97  9:29  Marine x2  
  97  9:30  Marine x6  
  105  9:36  Marine x3  
  108  9:47  Marine x3  
  108  9:48  Marine x5  
  116  9:54  Marine x3  
  119  10:05  Marine x4  
  119  10:06  Marine x2  
Show
View Real Time Build Order
Export as new Build Order

Verzila Terran 

Build Orders:  

Get SALT Encoding   

  12  0:01  SCV  
  13  0:18  SCV  
  14  0:30  SCV  
  15  0:38  Supply Depot  
  15  0:44  Refinery  
  15  0:47  Refinery  
  15  1:00  SCV  
  15  1:03  Barracks  
  16  1:12  SCV  
  17  1:30  Command Center  
  17  1:34  SCV  
  18  1:46  SCV  
  19  1:58  SCV  
  20  2:02  Factory  
  20  2:04  Barracks Tech Lab  
  20  2:10  SCV  
  21  2:34  SCV  
  22  2:52  Factory Tech Lab, Starport  
  22  2:59  Starport  
  22  3:00  SCV  
  22  3:01  SCV  
  24  3:12  SCV  
  25  3:21  SCV  
  25  3:24  SCV, Barracks Tech Lab  
  25  3:26  Refinery  
  27  3:28  Refinery  
  27  3:36  SCV  
  27  3:39  Fusion Core  
  28  3:49  SCV  
  28  3:50  SCV  
  30  4:01  SCV  
  31  4:07  Supply Depot  
  31  4:13  SCV x2, Armory  
  33  4:25  SCV  
  33  4:28  Battlecruiser  
  40  4:38  SCV  
  41  4:39  SCV  
  41  4:43  Supply Depot  
  42  4:54  SCV  
  42  4:57  SCV  
  44  5:04  Terran Ship Weapons Level 1  
  44  5:05  Battlecruiser  
  44  5:06  Weapon Refit  
  50  5:13  Supply Depot  
  50  5:18  Supply Depot  
  50  5:19  SCV  
  51  5:24  Orbital Command  
  51  5:31  SCV  
  58  5:42  Battlecruiser  
  58  5:45  Orbital Command  
  58  5:55  Engineering Bay  
  58  6:02  SCV  
  59  6:09  Battlecruiser  
  65  6:15  Widow Mine  
  67  6:36  Widow Mine  
  67  6:39  Missile Turret  
  69  6:44  Missile Turret  
  75  6:47  Battlecruiser  
  75  6:50  Supply Depot  
  75  6:58  Terran Vehicle And Ship Armor Level 1  
  75  7:52  Battlecruiser  
  81  8:00  Battlecruiser  
  81  8:02  Supply Depot  
  87  8:11  Supply Depot  
  87  8:12  Hi-Sec Auto Tracking  
  87  8:13  SCV  
  87  8:14  Armory  
  58  10:44  Starport  
  58  10:47  Supply Depot  
  58  11:09  Command Center  
  58  11:15  Supply Depot  
Show
View Real Time Build Order
Export as new Build Order

Rudz Protoss 

Build Orders:  

Get SALT Encoding   

  12  0:01  Probe  
  13  0:17  Pylon  
  13  0:18  Probe (Chrono Boost)  
  14  0:28  Probe (Chrono Boost)  
  15  0:33  Probe (Chrono Boost)  
  16  0:45  Gateway  
  16  0:54  Gateway  
  16  0:55  Probe  
  17  1:07  Probe  
  17  1:10  Pylon  
  18  1:19  Probe  
  18  1:22  Assimilator  
  19  1:32  Zealot  
  21  1:41  Gateway, Zealot  
  23  1:48  Probe  
  23  1:51  Cybernetics Core  
  24  2:01  Zealot  
  26  2:07  Pylon  
  26  2:12  Zealot  
  28  2:28  Stalker  
  30  2:30  Stalker  
  32  2:37  Assimilator  
  32  2:42  Warp Gate (Chrono Boost), Pylon  
  32  2:53  Zealot  
  34  3:00  Probe  
  34  3:05  Stalker (Chrono Boost)  
  37  3:20  Probe  
  40  3:28  Stalker (Chrono Boost)  
  40  3:31  Stalker (Chrono Boost)  
  42  3:49  Pylon  
  42  4:09  Nexus  
  42  4:12  Pylon  
  42  4:18  Sentry x2  
  46  4:25  Stalker  
  48  5:16  Probe (Chrono Boost)  
  49  5:24  Forge  
  49  5:26  Probe (Chrono Boost)  
  50  5:32  Probe (Chrono Boost)  
  50  5:34  Probe (Chrono Boost)  
  53  5:43  Probe (Chrono Boost)  
  53  5:46  Probe (Chrono Boost)  
  53  5:48  Probe (Chrono Boost)  
  55  5:53  Stargate  
  55  5:55  Probe  
  56  5:57  Gateway  
  56  5:58  Stalker x3, Probe (Chrono Boost)  
  65  6:11  Probe (Chrono Boost)  
  62  6:21  Probe (Chrono Boost)  
  61  6:29  Stalker x3  
  57  7:04  Probe (Chrono Boost)  
  57  7:13  Probe (Chrono Boost)  
  57  7:14  Probe (Chrono Boost)  
  56  7:19  Probe x2 (Chrono Boost)  
  46  7:30  Probe (Chrono Boost)  
  46  7:35  Probe (Chrono Boost)  
  46  7:36  Photon Cannon  
  46  7:37  Photon Cannon  
  46  7:42  Probe (Chrono Boost)  
  48  7:47  Probe x2 (Chrono Boost)  
  48  7:49  Assimilator  
  47  7:53  Assimilator  
  47  7:56  Probe  
  48  7:58  Gateway  
  48  8:00  Pylon  
  48  8:11  Pylon  
  46  8:13  Protoss Ground Weapons Level 1 (Chrono Boost)  
  46  8:27  Nexus  
  46  8:31  Pylon  
  46  8:34  Pylon  
  46  8:49  Stalker x4  
  54  9:02  Photon Cannon  
  54  9:08  Photon Cannon  
  54  9:14  Pylon  
  54  9:20  Probe (Chrono Boost)  
  54  9:21  Probe (Chrono Boost)  
  56  9:30  Stalker x2  
  56  9:31  Sentry x2, Probe (Chrono Boost)  
  62  9:33  Probe (Chrono Boost)  
  62  9:35  Probe (Chrono Boost)  
  67  9:46  Probe  
  67  9:49  Gateway x2  
  68  9:55  Probe (Chrono Boost)  
  69  10:07  Probe (Chrono Boost)  
  69  10:11  Stalker x3  
  69  10:13  Sentry x2  
  80  10:16  Probe (Chrono Boost)  
  81  10:22  Probe  
  81  10:24  Gateway  
  82  10:34  Probe  
  82  10:35  Stalker x3  
  89  10:37  Sentry x2  
  89  11:09  Stalker  
  89  11:10  Stalker x5  
  89  11:11  Stalker  
Show
View Real Time Build Order
Export as new Build Order

BumbleBee Terran 

Build Orders:  

Get SALT Encoding   

  12  0:01  SCV  
  13  0:13  SCV  
  14  0:21  Supply Depot  
  14  0:25  SCV  
  15  0:32  Refinery  
  15  0:44  Barracks  
  15  0:47  SCV  
  16  0:59  SCV  
  18  1:11  SCV  
  18  1:16  Barracks  
  18  1:23  SCV  
  19  1:35  SCV  
  20  1:46  Barracks Tech Lab  
  20  1:48  Supply Depot  
  20  1:55  SCV  
  21  2:07  SCV  
  22  2:15  Command Center  
  22  2:21  Marauder  
  24  2:31  Barracks Reactor  
  24  2:34  Factory  
  24  2:42  Refinery  
  24  2:44  SCV  
  24  2:48  Marine  
  26  2:53  Combat Shield  
  26  3:06  SCV  
  27  3:17  Marine x2  
  27  3:18  Marine  
  27  3:19  Supply Depot  
  30  3:28  Factory Tech Lab  
  30  3:40  Engineering Bay  
  30  3:41  SCV  
  30  3:42  Engineering Bay  
  30  3:44  SCV  
  32  3:50  Marine x2  
  34  3:59  SCV  
  34  4:00  SCV  
  36  4:10  Missile Turret  
  36  4:13  Missile Turret  
  36  4:24  Terran Infantry Armor Level 1, Terran Infantry Weapons Level 1  
  36  4:28  SCV x2  
  38  4:31  Marine  
  39  4:47  Orbital Command  
  39  4:48  Marine x2  
  41  5:05  Marine  
  41  5:06  Marine x2  
  44  5:16  Barracks  
  44  5:19  Barracks  
  44  5:23  Marine  
  44  5:28  Armory, Orbital Command  
  45  5:30  Marine x2  
  47  5:41  Marine  
  48  5:50  Supply Depot  
  48  5:51  Supply Depot  
  48  5:53  Marine x2  
  48  5:55  Supply Depot  
  50  5:59  Marine  
  51  6:06  Stimpack  
  51  6:11  Barracks Reactor x2  
  50  6:24  Barracks  
  50  6:26  Barracks  
  38  7:01  Marine x3  
  38  7:02  Marine  
  42  7:09  Missile Turret  
  42  7:10  Terran Infantry Weapons Level 2, Terran Infantry Armor Level 2  
  42  7:12  Marine x3  
  45  7:19  Marine x4  
  48  7:30  Marine  
  33  8:20  Marine x6  
  33  8:21  Marine  
  33  8:26  Barracks Reactor x2  
  40  8:35  SCV x2  
  40  8:37  Marine  
  40  8:38  Marine x6  
  49  8:47  SCV x2  
  51  8:50  Supply Depot  
  51  8:51  Supply Depot  
  51  8:53  Supply Depot  
  51  8:54  Supply Depot  
  51  8:59  SCV  
  51  9:02  Starport  
  52  9:06  Marine x5  
  52  9:07  Marine  
  58  9:10  Concussive Shells  
  58  9:27  Command Center  
  58  9:31  Marauder  
  60  9:40  SCV  
  60  9:45  Missile Turret  
  61  9:50  SCV  
  61  9:52  SCV, Marauder  
  65  10:02  SCV  
  66  10:07  Marine x4  
  66  10:08  Marine x3  
  73  10:21  Barracks Reactor  
  73  10:23  Medivac x2  
  77  10:47  Marine  
  77  10:48  Marine x7  
  77  10:49  Marine  
Show
View Real Time Build Order
Export as new Build Order

HurrianKing Terran 

Build Orders:  

Get SALT Encoding   

  12  0:02  SCV  
  13  0:14  SCV  
  14  0:26  SCV  
  15  0:29  Supply Depot  
  15  0:43  Supply Depot  
  15  0:50  SCV  
  16  1:02  Supply Depot  
  16  1:03  SCV  
  17  1:15  SCV  
  17  1:18  Barracks  
  18  1:26  Refinery  
  18  1:27  SCV  
  18  1:32  Barracks  
  19  1:36  Barracks  
  19  1:40  SCV  
  20  2:04  SCV  
  20  2:07  Marine  
  22  2:19  Marine  
  23  2:26  Bunker  
  23  2:29  Marine x2  
  25  2:31  Orbital Command  
  25  2:43  Marine  
  26  2:47  Marine x2  
  28  2:52  Bunker  
  28  2:56  Bunker  
  28  3:01  Marine  
  28  3:04  Marine x2  
  31  3:10  Refinery  
  31  3:43  Marine x3  
  31  3:45  Command Center  
  34  4:01  Factory  
  34  4:04  Marine x2  
  34  4:05  Marine  
  37  4:22  Marine  
  38  4:29  Engineering Bay  
  38  4:44  Barracks Reactor x2  
  38  4:46  Barracks Tech Lab  
  38  4:49  Factory Tech Lab  
  38  4:51  Starport  
  38  4:53  SCV  
  39  5:05  SCV  
  40  5:16  Missile Turret  
  40  5:17  SCV  
  40  5:18  Missile Turret  
  41  5:23  Missile Turret  
  41  5:28  Orbital Command  
  41  5:29  SCV  
  42  5:42  SCV  
  43  5:45  Missile Turret  
  43  5:53  Starport  
  43  5:54  SCV  
  44  5:58  SCV  
  45  6:04  Refinery  
  45  6:06  SCV  
  45  6:10  SCV, Refinery  
  47  6:22  Hi-Sec Auto Tracking, SCV  
  48  6:38  Siege Tank  
  48  6:48  Marine x2  
  48  6:49  Marine  
  41  7:10  Siege Tank  
  36  7:53  Siege Tank  
Show
View Real Time Build Order
Export as new Build Order

плутарх Protoss 

Build Orders:  

Get SALT Encoding   

  12  0:01  Probe  
  13  0:13  Probe  
  14  0:34  Pylon  
  14  0:38  Probe  
  15  0:43  Pylon  
  15  0:52  Probe  
  16  1:02  Gateway  
  16  1:04  Probe  
  16  1:06  Gateway  
  17  1:17  Probe  
  18  1:28  Forge  
  18  1:29  Probe  
  19  2:01  Cybernetics Core  
  19  2:07  Assimilator  
  19  2:12  Assimilator  
  19  2:20  Probe (Chrono Boost)  
  20  2:27  Nexus  
  20  2:29  Probe (Chrono Boost)  
  21  2:30  Pylon  
  21  2:34  Probe (Chrono Boost)  
  22  2:49  Gateway  
  22  2:55  Warp Gate  
  22  3:01  Photon Cannon  
  22  3:07  Photon Cannon  
  22  3:11  Probe (Chrono Boost)  
  23  3:21  Probe (Chrono Boost)  
  23  3:26  Probe (Chrono Boost)  
  25  3:38  Gateway, Probe  
  26  3:43  Stalker  
  28  3:52  Probe (Chrono Boost)  
  28  3:55  Probe (Chrono Boost)  
  31  4:04  Probe (Chrono Boost)  
  31  4:05  Probe (Chrono Boost)  
  32  4:11  Stalker (Chrono Boost), Probe (Chrono Boost)  
  32  4:12  Probe (Chrono Boost)  
  36  4:21  Protoss Ground Weapons Level 1, Probe  
  37  4:33  Probe  
  37  4:37  Pylon  
  38  4:45  Stalker x2  
  42  4:46  Stalker  
  42  4:47  Stalker  
  46  5:10  Gateway  
  46  5:13  Shield Battery  
  46  5:19  Probe (Chrono Boost)  
  46  5:20  Probe (Chrono Boost)  
  48  5:25  Assimilator  
  48  5:28  Assimilator  
  48  5:31  Probe (Chrono Boost)  
  48  5:32  Stalker x3  
  48  5:33  Stalker  
  57  5:35  Probe (Chrono Boost)  
  58  5:47  Probe  
  58  5:48  Forge  
  59  5:57  Sentry  
  59  5:59  Probe  
  59  6:03  Pylon  
  62  6:06  Pylon  
  62  6:12  Pylon  
  62  6:14  Pylon  
  62  6:21  Probe (Chrono Boost)  
  63  6:29  Stalker x2  
  63  6:30  Stalker  
  63  6:31  Probe (Chrono Boost)  
  64  6:45  Zealot  
  64  6:46  Zealot  
  68  7:00  Zealot x2  
  70  7:02  Stalker  
  60  7:16  Stalker x2  
  62  7:39  Stalker  
  62  7:40  Stalker x2  
  62  7:41  Stalker  
  70  7:47  Pylon  
  62  8:29  Zealot x4  
  68  8:38  Twilight Council  
  68  8:41  Stalker  
  62  8:54  Stalker  
  62  8:55  Stalker x2  
  68  8:56  Stalker  
  70  9:10  Photon Cannon  
  70  9:17  Blink  
  70  9:19  Stalker  
  70  9:20  Stalker x3  
  78  9:28  Gateway  
  78  9:29  Pylon  
  78  9:49  Nexus  
  78  9:55  Stalker  
  78  9:56  Stalker x3  
  86  10:42  Pylon  
  86  10:46  Pylon  
  86  10:48  Pylon  
Show
View Real Time Build Order
Export as new Build Order

MooEsqoo Protoss 

Build Orders: 1 Gate Expand, Oracle Opening 

Get SALT Encoding   

  12  0:01  Probe  
  13  0:13  Probe  
  14  0:25  Pylon  
  14  0:40  Probe  
  15  0:58  Gateway  
  15  1:05  Probe (Chrono Boost)  
  15  1:09  Assimilator  
  16  1:16  Probe (Chrono Boost)  
  17  1:21  Probe (Chrono Boost)  
  18  1:25  Nexus  
  18  1:57  Cybernetics Core  
  18  1:58  Probe  
  19  2:06  Pylon  
  19  2:08  Assimilator  
  19  2:15  Probe  
  20  2:27  Probe  
  21  2:39  Probe  
  21  2:42  Stargate  
  22  2:44  Gateway  
  22  2:46  Warp Gate (Chrono Boost)  
  22  2:53  Stalker  
  24  2:59  Probe x2  
  26  3:11  Probe x2  
  28  3:23  Probe x2  
  28  3:24  Oracle (Chrono Boost)  
  28  3:25  Assimilator  
  30  3:31  Stalker  
  36  3:41  Probe x2  
  37  3:53  Probe x2  
  39  3:58  Pylon  
  39  4:03  Oracle (Chrono Boost)  
  39  4:05  Probe x2  
  44  4:13  Stalker  
  44  4:16  Stalker  
  48  5:06  Oracle (Chrono Boost)  
  51  5:14  Stalker  
  51  5:19  Pylon  
  51  5:21  Pylon  
  53  5:23  Pylon  
  53  5:27  Gateway, Pylon  
  53  5:29  Probe  
  53  5:30  Gateway, Pylon  
  53  5:32  Pylon  
  53  5:34  Gateway  
  54  5:37  Probe  
  54  5:40  Oracle (Chrono Boost)  
  54  5:41  Probe  
  59  5:49  Probe  
  60  6:01  Stalker x2  
  47  7:02  Stalker x4  
  55  7:15  Void Ray  
  37  7:31  Probe  
  31  7:37  Assimilator  
  31  7:43  Probe x2  
  33  7:55  Probe x2  
  35  8:04  Stalker  
  35  8:05  Stalker  
  39  8:06  Stalker x2  
  39  8:07  Pylon  
  39  8:08  Probe x2  
  39  8:09  Pylon  
  39  8:10  Pylon  
  45  8:20  Probe x2  
  39  8:32  Probe  
  34  8:39  Stalker x4  
  34  8:40  Stalker  
  40  8:42  Phoenix  
  37  9:26  Stalker  
  37  9:27  Stalker x4  
  37  9:28  Phoenix  
  43  9:40  Probe  
  44  9:52  Nexus, Probe  
  45  9:54  Pylon  
  45  9:56  Pylon  
  45  9:57  Phoenix  
  45  9:59  Assimilator  
  47  10:03  Assimilator  
  47  10:04  Probe  
  48  10:16  Probe  
  47  10:28  Stalker x3, Probe  
  52  10:29  Stalker  
  52  10:30  Stalker  
Show
View Real Time Build Order
Export as new Build Order

FACETTE Protoss 

Build Orders:  

Get SALT Encoding   

  12  0:04  Probe (Chrono Boost)  
  14  0:15  Probe (Chrono Boost)  
  14  0:23  Probe  
  15  0:30  Pylon  
  15  0:48  Probe  
  16  0:56  Forge  
  16  1:00  Gateway, Probe  
  17  1:04  Assimilator  
  17  1:12  Probe (Chrono Boost)  
  17  1:15  Assimilator  
  18  1:24  Probe (Chrono Boost)  
  19  1:31  Probe (Chrono Boost)  
  20  1:39  Probe  
  21  1:45  Photon Cannon  
  21  1:51  Probe  
  22  2:03  Probe  
  23  2:23  Cybernetics Core  
  23  2:26  Photon Cannon  
  23  2:27  Pylon  
  23  2:45  Nexus, Probe (Chrono Boost)  
  24  2:55  Probe (Chrono Boost)  
  25  3:18  Probe (Chrono Boost)  
  26  3:28  Probe (Chrono Boost)  
  26  3:31  Pylon  
  26  3:33  Probe (Chrono Boost)  
  27  3:36  Pylon  
  28  3:42  Pylon  
  28  3:45  Probe  
  29  3:52  Protoss Shields Level 1  
  29  3:57  Probe  
  30  4:05  Pylon  
  30  4:06  Pylon  
  30  4:08  Pylon  
  30  4:09  Probe  
  31  4:10  Pylon  
  31  4:11  Protoss Air Weapons Level 1  
  31  4:13  Pylon  
  31  4:19  Cybernetics Core  
  31  4:21  Probe (Chrono Boost)  
  33  4:31  Stargate  
  33  4:32  Probe (Chrono Boost)  
  33  4:37  Probe (Chrono Boost)  
  33  4:42  Assimilator  
  33  4:44  Probe (Chrono Boost)  
  35  4:47  Assimilator  
  36  4:53  Probe (Chrono Boost)  
  36  4:55  Photon Cannon, Probe (Chrono Boost)  
  37  5:00  Probe (Chrono Boost)  
  37  5:02  Photon Cannon  
  39  5:09  Probe (Chrono Boost)  
  39  5:11  Probe (Chrono Boost)  
  42  5:22  Probe (Chrono Boost)  
  42  5:23  Probe (Chrono Boost)  
  42  5:26  Probe (Chrono Boost)  
  42  5:27  Phoenix  
  45  5:31  Probe  
  46  5:37  Stargate, Probe  
  46  5:40  Stargate  
  47  5:43  Stargate  
  47  5:47  Stargate  
  47  5:52  Stargate  
  47  5:57  Pylon x2  
  47  6:00  Pylon  
  47  6:04  Pylon  
  47  6:08  Pylon  
  47  6:22  Fleet Beacon  
  47  6:28  Photon Cannon  
  47  6:41  Phoenix x3  
  47  6:42  Phoenix x2  
  56  6:59  Phoenix  
  58  7:06  Phoenix  
  24  7:45  Phoenix x3  
  24  7:46  Phoenix x2  
  26  9:10  Pylon  
  26  9:15  Pylon  
  26  9:16  Pylon  
Tags
 
Add a new tag
Caveats
  • Supply blocks, unpowered buildings, or Contaminate may cause inaccurate times.
  • Supply counts are checked every 10 seconds.